[ AOE2 MATCH · #495981159 ]
UnrankedBerbers vs Incas
Player's team · LOSS
Rival team · WIN
[ REPLAY ANALYSIS · EXTRACTED FROM THE RECORDED GAME ]
Feudal
9:17
Castle
20:25
Imperial
36:18
| APM avg | 46.3 |
| APM peak | 90 |
| eAPM avg | 24.0 |
| Villagers / military | 158 / 70 |
Focus
⚔️ 35.8% · 🌾 64.2%
Cavalry Archer ×26 · Skirmisher ×21 · Scout Cavalry ×10 · Camel Archer ×6 · Trebuchet (Packed) ×3 · Knight ×2
Feudal
9:16
Castle
21:17
Imperial
37:20
| APM avg | 70.1 |
| APM peak | 118 |
| eAPM avg | 36.5 |
| Villagers / military | 183 / 118 |
Focus
⚔️ 52.1% · 🌾 47.9%
Spearman ×49 · Unknown (2550) ×48 · Skirmisher ×23 · Monk ×12 · Archer ×9 · Trebuchet (Packed) ×9
Match map
Initial resources + every placement click. Lines = walls · curves = elevation contours. ◆ gold · ⬟ stone · ● berries · ✦ relic · ◌ wall gap
Your base· ✓ Closed at 20:25 · 56t walls · 1 gate(s)
[LuB]myqbox's base· Open — opponent sealed themselves in
Smoothed initial terrain · ◌ = detected wall gap · hover for details
Inputs per minute
— Y - - [LuB]myqbox
Build order — Y
First 150 of 401 actions detected
| 0:00 | Create | Villager (Male) |
| 0:01 | Create | Villager (Male) |
| 0:02 | Build | House |
| 0:02 | Build | House |
| 0:13 | Create | Villager (Male) |
| 0:39 | Create | Villager (Male) |
| 1:07 | Create | Villager (Male) |
| 1:49 | Build | Lumber Camp |
| 1:57 | Create | Villager (Male) |
| 2:07 | Build | Lumber Camp |
| 2:14 | Create | Villager (Male) |
| 2:38 | Create | Villager (Male) |
| 3:09 | Create | Villager (Male) |
| 3:24 | Build | House |
| 3:44 | Create | Villager (Male) |
| 3:57 | Create | Villager (Male) |
| 4:19 | Create | Villager (Male) |
| 4:26 | Create | Villager (Male) |
| 5:05 | Create | Villager (Male) |
| 5:21 | Create | Villager (Male) |
| 5:25 | Research | Loom |
| 5:28 | Build | Mill |
| 6:42 | Create | Villager (Male) |
| 6:42 | Create | Villager (Male) |
| 7:06 | Research | Feudal Age |
| 7:06 | Research | Feudal Age |
| 7:20 | Build | Lumber Camp |
| 7:39 | Build | House |
| 7:42 | Build | Palisade Wall |
| 7:47 | Build | Palisade Wall |
| 7:50 | Build | Palisade Wall |
| 7:59 | Create | Villager (Male) |
| 8:38 | Build | Palisade Wall |
| 8:46 | Create | Villager (Male) |
| 8:58 | Build | Barracks |
| 9:17 | Age | Feudal Age |
| 9:27 | Research | Double-Bit Axe |
| 9:30 | Create | Villager (Male) |
| 9:36 | Build | Palisade Gate |
| 9:40 | Build | House |
| 9:44 | Build | House |
| 9:53 | Create | Villager (Male) |
| 9:55 | Build | Stable |
| 10:24 | Build | House |
| 10:25 | Create | Scout Cavalry |
| 10:43 | Create | Villager (Male) |
| 10:46 | Build | Farm |
| 10:46 | Build | Farm |
| 10:55 | Build | Farm |
| 11:13 | Build | Palisade Wall |
| 11:21 | Build | Farm |
| 11:23 | Create | Scout Cavalry |
| 11:27 | Create | Villager (Male) |
| 11:46 | Build | Palisade Wall |
| 11:49 | Build | Palisade Wall |
| 11:55 | Create | Villager (Male) |
| 12:00 | Build | Farm |
| 12:01 | Build | Farm |
| 12:12 | Build | Palisade Wall |
| 12:18 | Create | Villager (Male) |
| 12:42 | Create | Villager (Male) |
| 12:46 | Create | Villager (Male) |
| 12:52 | Build | Farm |
| 12:55 | Build | Farm |
| 13:10 | Create | Villager (Male) |
| 13:22 | Create | Villager (Male) |
| 13:26 | Build | Farm |
| 13:26 | Build | Farm |
| 13:36 | Build | Palisade Wall |
| 13:38 | Build | Palisade Wall |
| 13:46 | Build | Palisade Wall |
| 14:00 | Build | Palisade Wall |
| 14:01 | Create | Villager (Male) |
| 14:25 | Build | House |
| 14:27 | Research | Town Watch |
| 14:51 | Create | Villager (Male) |
| 15:12 | Create | Villager (Male) |
| 15:20 | Build | Mining Camp |
| 15:24 | Build | Farm |
| 15:29 | Build | Farm |
| 15:35 | Create | Villager (Male) |
| 15:59 | Build | Blacksmith |
| 16:07 | Create | Villager (Male) |
| 16:20 | Build | Archery Range |
| 16:30 | Create | Villager (Male) |
| 16:43 | Build | Farm |
| 16:50 | Build | Farm |
| 16:55 | Create | Villager (Male) |
| 17:02 | Build | Farm |
| 17:04 | Create | Skirmisher |
| 17:06 | Build | House |
| 17:45 | Research | Castle Age |
| 17:45 | Research | Castle Age |
| 17:56 | Build | House |
| 18:06 | Create | Skirmisher |
| 18:12 | Build | Farm |
| 18:13 | Build | Farm |
| 18:19 | Create | Skirmisher |
| 18:23 | Research | Horse Collar |
| 18:23 | Research | Horse Collar |
| 18:32 | Build | Farm |
| 18:46 | Research | Gold Mining |
| 18:51 | Build | Farm |
| 19:06 | Build | Market |
| 19:12 | Research | Fletching |
| 19:13 | Create | Skirmisher |
| 19:23 | Create | Skirmisher |
| 19:42 | Build | House |
| 19:50 | Create | Skirmisher |
| 19:57 | Build | Palisade Wall |
| 20:08 | Create | Skirmisher |
| 20:18 | Build | House |
| 20:24 | Build | Farm |
| 20:25 | Create | Skirmisher |
| 20:25 | Age | Castle Age |
| 20:28 | Create | Villager (Male) |
| 20:29 | Create | Knight |
| 20:31 | Create | Skirmisher |
| 20:56 | Research | Bodkin Arrow |
| 20:57 | Create | Villager (Male) |
| 21:03 | Build | Farm |
| 21:11 | Create | Villager (Male) |
| 21:31 | Research | Bow Saw |
| 21:31 | Research | Bow Saw |
| 21:42 | Create | Villager (Male) |
| 22:08 | Create | Villager (Male) |
| 22:14 | Create | Knight |
| 22:23 | Create | Cavalry Archer |
| 22:23 | Create | Cavalry Archer |
| 22:38 | Create | Villager (Male) |
| 22:49 | Create | Cavalry Archer |
| 22:50 | Create | Cavalry Archer |
| 22:56 | Research | Husbandry |
| 23:10 | Build | Town Center |
| 23:13 | Create | Villager (Male) |
| 23:34 | Create | Villager (Male) |
| 23:40 | Build | Archery Range |
| 24:10 | Create | Villager (Male) |
| 24:11 | Create | Cavalry Archer |
| 24:12 | Create | Cavalry Archer |
| 24:21 | Create | Villager (Male) |
| 24:22 | Create | Cavalry Archer |
| 24:22 | Create | Cavalry Archer |
| 24:47 | Create | Villager (Male) |
| 24:52 | Create | Cavalry Archer |
| 24:56 | Create | Villager (Male) |
| 25:02 | Create | Cavalry Archer |
| 25:02 | Create | Cavalry Archer |
| 25:02 | Create | Villager (Male) |
| 25:04 | Create | Villager (Male) |
Build order — [LuB]myqbox
First 150 of 573 actions detected
| 0:00 | Create | Villager (Male) |
| 0:01 | Create | Villager (Male) |
| 0:03 | Build | House |
| 0:11 | Create | Villager (Male) |
| 0:18 | Create | Villager (Male) |
| 1:10 | Create | Villager (Male) |
| 1:58 | Create | Villager (Male) |
| 2:23 | Create | Villager (Male) |
| 2:23 | Create | Villager (Male) |
| 2:37 | Build | Settlement |
| 2:49 | Create | Villager (Male) |
| 2:49 | Create | Villager (Male) |
| 3:09 | Create | Villager (Male) |
| 4:08 | Create | Villager (Male) |
| 4:08 | Create | Villager (Male) |
| 4:18 | Create | Villager (Male) |
| 4:44 | Create | Villager (Male) |
| 5:08 | Create | Villager (Male) |
| 5:30 | Create | Villager (Male) |
| 5:46 | Build | Barracks |
| 5:59 | Create | Villager (Male) |
| 6:00 | Research | Loom |
| 6:42 | Research | Feudal Age |
| 6:42 | Research | Feudal Age |
| 7:03 | Create | Unit 2550 |
| 7:09 | Create | Unit 2550 |
| 7:55 | Build | Settlement |
| 8:08 | Create | Villager (Male) |
| 8:11 | Build | House |
| 8:12 | Build | Palisade Wall |
| 8:40 | Build | Palisade Wall |
| 8:43 | Create | Villager (Male) |
| 9:16 | Age | Feudal Age |
| 9:18 | Research | Tech 1402 |
| 9:37 | Create | Spearman |
| 9:52 | Create | Unit 2550 |
| 9:57 | Research | Double-Bit Axe |
| 10:07 | Create | Villager (Male) |
| 10:18 | Research | Horse Collar |
| 10:19 | Research | Horse Collar |
| 10:20 | Create | Villager (Male) |
| 10:46 | Build | Farm |
| 10:47 | Build | Farm |
| 10:50 | Build | Farm |
| 10:51 | Build | Farm |
| 10:56 | Create | Villager (Male) |
| 11:04 | Build | Palisade Wall |
| 11:08 | Create | Spearman |
| 11:19 | Build | Farm |
| 11:29 | Build | Farm |
| 11:35 | Create | Villager (Male) |
| 11:35 | Create | Villager (Male) |
| 11:38 | Build | Palisade Wall |
| 12:03 | Create | Villager (Male) |
| 12:03 | Create | Villager (Male) |
| 12:04 | Build | Farm |
| 12:05 | Build | Farm |
| 12:08 | Build | Farm |
| 12:11 | Create | Spearman |
| 12:37 | Create | Villager (Male) |
| 12:39 | Create | Villager (Male) |
| 13:05 | Build | Farm |
| 13:06 | Create | Villager (Male) |
| 13:09 | Create | Villager (Male) |
| 13:21 | Build | Archery Range |
| 13:35 | Create | Unit 2550 |
| 13:56 | Create | Villager (Male) |
| 14:22 | Build | Settlement |
| 14:25 | Create | Archer |
| 14:28 | Create | Villager (Male) |
| 14:45 | Create | Villager (Male) |
| 14:54 | Create | Villager (Male) |
| 15:12 | Create | Archer |
| 15:14 | Create | Villager (Male) |
| 15:20 | Build | Farm |
| 15:23 | Create | Villager (Male) |
| 15:29 | Create | Unit 2550 |
| 15:37 | Build | Blacksmith |
| 15:38 | Build | House |
| 15:40 | Build | Palisade Wall |
| 15:49 | Create | Archer |
| 15:51 | Create | Unit 2550 |
| 16:00 | Build | Farm |
| 16:22 | Create | Villager (Male) |
| 16:26 | Build | Farm |
| 16:29 | Create | Archer |
| 16:31 | Create | Archer |
| 16:39 | Create | Unit 2550 |
| 16:45 | Research | Fletching |
| 16:54 | Build | Farm |
| 17:11 | Create | Villager (Male) |
| 17:14 | Build | Farm |
| 17:16 | Build | Farm |
| 17:20 | Create | Villager (Male) |
| 17:30 | Create | Archer |
| 17:33 | Build | Farm |
| 17:38 | Build | Palisade Gate |
| 17:42 | Create | Villager (Male) |
| 18:25 | Build | House |
| 18:28 | Build | Palisade Wall |
| 18:37 | Research | Castle Age |
| 18:38 | Research | Castle Age |
| 18:51 | Create | Archer |
| 19:25 | Research | Gold Mining |
| 19:25 | Research | Gold Mining |
| 19:26 | Create | Archer |
| 19:30 | Research | Arson |
| 19:31 | Research | Arson |
| 19:54 | Create | Unit 2550 |
| 20:31 | Create | Archer |
| 20:34 | Create | Villager (Male) |
| 20:35 | Create | Unit 2550 |
| 21:01 | Create | Unit 2550 |
| 21:02 | Create | Villager (Male) |
| 21:04 | Create | Villager (Male) |
| 21:10 | Build | House |
| 21:11 | Build | Palisade Wall |
| 21:17 | Age | Castle Age |
| 21:24 | Build | Monastery |
| 21:28 | Build | Town Center |
| 21:56 | Research | Squires |
| 21:56 | Create | Villager (Male) |
| 22:00 | Create | Villager (Male) |
| 22:10 | Create | Monk |
| 22:14 | Research | Pikeman (upgrade) |
| 22:14 | Research | Pikeman (upgrade) |
| 22:19 | Create | Villager (Male) |
| 22:24 | Create | Villager (Male) |
| 22:28 | Research | Bodkin Arrow |
| 22:30 | Create | Villager (Male) |
| 22:36 | Research | Scale Mail Armor |
| 22:40 | Create | Villager (Male) |
| 22:42 | Build | Town Center |
| 22:47 | Research | Town Watch |
| 22:59 | Build | House |
| 23:01 | Create | Villager (Male) |
| 23:02 | Create | Monk |
| 23:04 | Create | Villager (Male) |
| 23:08 | Create | Spearman |
| 23:09 | Create | Spearman |
| 23:10 | Create | Villager (Male) |
| 23:15 | Create | Villager (Male) |
| 23:20 | Create | Villager (Male) |
| 23:34 | Create | Villager (Male) |
| 23:46 | Create | Villager (Male) |
| 23:51 | Create | Spearman |
| 23:52 | Create | Monk |
| 23:53 | Create | Villager (Male) |
| 23:55 | Create | Villager (Male) |
| 24:00 | Create | Villager (Male) |
Match timeline
| 5:46 | [LuB]myqbox · first_building Barracks |
| 7:42 | Y · wall_segment Palisade Wall x4 |
| 7:47 | Y · wall_segment Palisade Wall x4 |
| 7:50 | Y · wall_segment Palisade Wall x7 |
| 8:12 | [LuB]myqbox · wall_segment Palisade Wall x9 |
| 8:38 | Y · wall_segment Palisade Wall x1 |
| 8:40 | [LuB]myqbox · wall_segment Palisade Wall x9 |
| 8:58 | Y · first_building Barracks |
| 9:16 | [LuB]myqbox · age_up feudal |
| 9:17 | Y · age_up feudal |
| 9:55 | Y · first_building Stable |
| 11:04 | [LuB]myqbox · wall_segment Palisade Wall x4 |
| 11:13 | Y · wall_segment Palisade Wall x9 |
| 11:38 | [LuB]myqbox · wall_segment Palisade Wall x1 |
| 11:46 | Y · wall_segment Palisade Wall x1 |
| 11:49 | Y · wall_segment Palisade Wall x1 |
| 12:12 | Y · wall_segment Palisade Wall x1 |
| 13:21 | [LuB]myqbox · first_building Archery Range |
| 13:36 | Y · wall_segment Palisade Wall x3 |
| 13:38 | Y · wall_segment Palisade Wall x3 |
| 13:46 | Y · wall_segment Palisade Wall x6 |
| 14:00 | Y · wall_segment Palisade Wall x16 |
| 15:40 | [LuB]myqbox · wall_segment Palisade Wall x6 |
| 16:20 | Y · first_building Archery Range |
| 18:28 | [LuB]myqbox · wall_segment Palisade Wall x11 |
| 19:57 | Y · wall_segment Palisade Wall x1 |
| 20:25 | Y · age_up castle |
| 21:11 | [LuB]myqbox · wall_segment Palisade Wall x6 |
| 21:17 | [LuB]myqbox · age_up castle |
| 21:24 | [LuB]myqbox · first_building Monastery |
| 32:02 | Y · first_building Castle |
| 32:03 | [LuB]myqbox · first_building Castle |
| 33:28 | [LuB]myqbox · first_building Siege Workshop |
| 34:00 | [LuB]myqbox · first_market_buy 100 food |
| 36:18 | Y · age_up imperial |
| 37:20 | [LuB]myqbox · age_up imperial |
| 37:50 | [LuB]myqbox · first_market_sell 100 food |
| 40:06 | [LuB]myqbox · wall_segment Stone Wall x1 |
| 40:07 | [LuB]myqbox · wall_segment Stone Wall x1 |
| 40:07 | [LuB]myqbox · wall_segment Stone Wall x1 |
| 40:17 | [LuB]myqbox · wall_segment Stone Wall x2 |
| 40:17 | [LuB]myqbox · wall_segment Stone Wall x2 |
| 40:18 | [LuB]myqbox · wall_segment Stone Wall x1 |
| 40:18 | [LuB]myqbox · wall_segment Stone Wall x3 |
| 40:19 | [LuB]myqbox · wall_segment Stone Wall x1 |
| 40:19 | [LuB]myqbox · wall_segment Stone Wall x2 |
| 41:56 | [LuB]myqbox · wall_segment Stone Wall x1 |
| 45:32 | Y · resign |
[ AI ANALYSIS · 1 CREDIT ]
What really happened in this match?
Wolo.gg analyzes every decision: build order, eco, micro, common mistakes by bracket. Personalized analysis on WhatsApp or Discord in 30 seconds.
Civ guide
Berbers
Perfil
M4Te (Y)